[Event "Team 45 45 League T43"]
[Site "Internet Chess Club"]
[Date "2009.11.30"]
[Round "5"]
[White "parrot9"]
[Black "whale5970"]
[Result "0-1"]
[WhiteElo "1731"]
[BlackElo "1617"]
[Opening "French: Tarrasch, closed variation"]
[ECO "C05"]
[Time "16:06:27"]
[TimeControl "2700+45"]

1. e4 e6 2. d4 d5 3. Nd2 Nf6 4. exd5 exd5 5. Ngf3 Bf5 6. c4 c6 7. Qb3 Qe7+ 8.
Be2 Qb4 9. Qe3+ Be7 10. a3 Qa5 11. O-O Qc7 12. Ne5 O-O 13. Ndf3 Re8 14. c5 Nbd7
15. Qf4 Be4 16. Qd2 Nxe5 17. Nxe5 Bxc5 18. Nxf7 Bxd4 19. Nh6+ gxh6 20. Qxd4 Qg7
21. f3 Bf5 22. Bd3 Bh3 23. Qf2 Kh8 24. Kh1 Bd7 25. Qh4 Rg8 26. g3 h5 27. Bf4
Raf8 28. Be5 Qg5 29. Qd4 b6 30. Rae1 Bf5 31. f4 Qg6 32. Bxf5 Qxf5 33. Bd6 Re8
34. Be5 Re6 35. Re3 Rg7 36. Rfe1 c5 37. Qa4 Rge7 38. Bxf6+ Qxf6 39. Rxe6 Rxe6
40. Rxe6 Qxe6 41. Qxa7 d4 42. Qa8+ Kg7 43. Qf3 Kg6 44. Qd3+ Qf5 45. Qc4 Qb1+ 46.
Kg2 Qxb2+ 47. Kh3 Kf6 48. Qd5 Qe2 49. Qg5+ Kf7 50. Qd5+ Qe6+ 51. Qxe6+ Kxe6 52.
Kg2 Kf5 53. Kf3 c4 54. h3 c3 55. g4+ Ke6 56. Ke2 c2 57. Kd2 d3 58. a4 Kd5 59.
Kc1 Ke4 60. f5 Ke5 61. Kd2 hxg4 62. hxg4 h5 63. gxh5 Kxf5 64. h6 Kg6 65. h7 Kxh7
66. Kc1 Kg6 67. Kb2 Kf5 68. Kc1 Ke5 69. Kb2 Kd4 70. Kc1 Kc3 71. a5 d2# {White
checkmated} 0-1

[Event "Team 45 45 League T43"]
[Site "Internet Chess Club"]
[Date "2009.11.29"]
[Round "5"]
[White "quaksterjohny"]
[Black "Invicta-Knight"]
[Result "0-1"]
[WhiteElo "1385"]
[BlackElo "1450"]
[Opening "Scandinavian defense"]
[ECO "B01"]
[Time "08:00:23"]
[TimeControl "2700+45"]

1. e4 d5 2. exd5 Nf6 3. d4 Qxd5 4. Nc3 Qd6 5. Nf3 a6 6. g3 Bg4 7. Bg2 Nc6 8. Ne2
O-O-O 9. c3 e5 10. Be3 exd4 11. Bxd4 Bxf3 12. Bxf3 Nxd4 13. Nxd4 Qb6 14. Qc2 Bc5
15. Nb3 Rhe8+ 16. Kf1 Bf8 17. Kg2 g6 18. Rhd1 h5 19. h4 Ng4 20. Bxg4+ hxg4 21.
Rxd8+ Rxd8 22. Qe4 f5 23. Qe2 Qc6+ 24. Kg1 Re8 25. Qf1 Qe4 26. Rd1 Bh6 27. Nd4
f4 28. Qd3 fxg3 29. fxg3 Qxd3 30. Rxd3 Rd8 31. Kf2 c5 32. Ke2 cxd4 33. cxd4 Kc7
34. Rc3+ Kd6 35. Kd3 Re8 36. Kc2 Re2+ 37. Kb3 Re3 38. Kc4 Rxc3+ 39. bxc3 Be3 40.
Kd3 Bf2 41. Ke4 Bxg3 42. c4 Bxh4 43. c5+ Kc6 44. Ke5 g3 45. d5+ Kxc5 46. Ke6 g2
47. d6 g1=Q 48. d7 Qg4+ 49. Kf7 Qxd7+ 50. Kg8 b5 51. Kf8 Bf6 52. Kg8 Qg7# {White
checkmated} 0-1

[Event "Team 45 45 League T43"]
[Site "Internet Chess Club"]
[Date "2009.11.27"]
[Round "5"]
[White "EyeAm"]
[Black "Nikhil03"]
[Result "0-1"]
[WhiteElo "1589"]
[BlackElo "1540"]
[Opening "two knights defense: Fegatello attack, Leonhardt variation"]
[ECO "C57"]
[Time "19:00:17"]
[TimeControl "2700+45"]

1. e4 e5 2. Nf3 Nc6 3. Bc4 Nf6 4. Ng5 d5 5. exd5 Nxd5 6. Nxf7 Kxf7 7. Qf3+ Ke6
8. Nc3 Nb4 9. Qe4 c6 10. a3 Na6 11. d4 Nc7 12. O-O Kf7 13. dxe5 Be6 14. Ne2 Kg8
15. Nd4 Bf7 16. Be3 Qe7 17. c3 Re8 18. f4 c5 19. Nf5 Qe6 20. Ng3 b5 21. Ba2 h5
22. Qf3 Qg4 23. Qf2 h4 24. Ne4 h3 25. g3 c4 26. Bxa7 Ne6 27. Kh1 Bg6 28. Bb1 Bf5
29. Qf3 Qxf3+ 30. Rxf3 Bg4 31. Rf1 Ra8 32. Bf2 Be7 33. Bc2 Kf7 34. Bd1 Bf5 35.
Bf3 Rad8 36. Rad1 g6 37. Nd6+ Bxd6 38. Rxd5 Bc7 39. Rxb5 Rb8 40. Rb4 Ba5 41. Be3
Bxb4 42. axb4 g5 43. Bd5 Bd3 44. Ra1 gxf4 45. gxf4 Rhe8 46. Kg1 Kg6 47. Kf2 Kf5
48. Kf3 Rbd8 49. Bc6 Re7 50. b5 Rg7 51. Bb6 Rdg8 52. Bd4 Rg4 53. Be3 Nxf4 54.
Bf2 Ne6 55. Ra7 Rf8 56. Bg3 Be4+ {White resigns} 0-1

[Event "Team 45 45 League T43"]
[Site "Internet Chess Club"]
[Date "2009.12.05"]
[Round "5"]
[White "Zappy"]
[Black "stputte"]
[Result "1-0"]
[WhiteElo "1489"]
[BlackElo "1450"]
[Opening "Alekhine's defense: modern, Larsen variation"]
[ECO "B04"]
[Time "18:00:12"]
[TimeControl "2700+45"]

1. e4 Nf6 2. e5 Nd5 3. d4 d6 4. Nf3 dxe5 5. dxe5 Nc6 6. Bb5 Bf5 7. Bxc6+ bxc6 8.
c3 Rb8 9. Nbd2 e6 10. Nd4 Qd7 11. Nxf5 exf5 12. Nb3 Qe6 13. O-O Rd8 14. Bg5 Be7
15. Bxe7 Qxe7 16. Qf3 Qe6 17. Nd4 Qg6 18. Qxf5 Qxf5 19. Nxf5 O-O 20. c4 Nb6 21.
Ne7+ Kh8 22. Nxc6 Rd2 23. b3 Re8 24. Rfd1 Re2 25. Nxa7 R2xe5 26. Nb5 R5e7 27. h3
g6 28. a4 Kg7 29. a5 Nc8 30. c5 c6 31. Nd6 Nxd6 32. Rxd6 Re6 33. a6 Rxd6 34.
cxd6 Kf8 35. d7 Ra8 36. Re1 Rd8 37. Re8+ {Black resigns} 1-0

[Event "Team 45 45 League T43"]
[Site "Internet Chess Club"]
[Date "2009.11.29"]
[Round "5"]
[White "charles-allen"]
[Black "nardz"]
[Result "0-1"]
[WhiteElo "1854"]
[BlackElo "2069"]
[Opening "Sicilian"]
[ECO "B50"]
[Time "19:35:12"]
[TimeControl "2700+45"]

1. e4 c5 2. Nf3 d6 3. Bc4 e6 4. O-O Nf6 5. d3 Be7 6. c3 O-O 7. Nbd2 d5 8. e5
Nfd7 9. Bb3 Nc6 10. Re1 b6 11. d4 Bb7 12. Nf1 Re8 13. Be3 Rc8 14. Bc2 Nf8 15.
Qe2 Qc7 16. Rac1 Qb8 17. Bf4 cxd4 18. Nxd4 Nxd4 19. cxd4 Rc7 20. Bd3 Rec8 21.
Rxc7 Rxc7 22. Rc1 Qc8 23. Qd2 Ng6 24. Rxc7 Qxc7 25. Bg5 Bf8 26. Qc2 Qxc2 27.
Bxc2 Ba6 28. a3 Ne7 29. Nd2 Nc6 30. Be3 f6 31. f4 f5 32. b4 Kf7 33. Kf2 h6 34.
h3 g5 35. Nf3 gxf4 36. Bxf4 Bc4 37. Be3 a5 38. bxa5 Nxa5 39. Nd2 Bxa3 40. Bxh6
b5 41. Nb1 Bb2 42. Be3 Nc6 43. h4 Nxd4 44. Bd1 Nc6 45. h5 Nxe5 46. h6 Kg6 47.
Kg3 Nd3 48. Bc2 e5 49. Kh4 f4 50. h7 Kxh7 51. Bxf4 exf4 52. Kg4 Be5 53. Nd2 Kg7
54. Kf5 Bc7 55. Bb3 Ba5 56. Nxc4 dxc4 57. Bc2 b4 58. Ke4 b3 59. Bxd3 cxd3 60.
Kxd3 Kf6 {White resigns} 0-1

[Event "Team 45 45 League T43"]
[Site "Internet Chess Club"]
[Date "2009.11.27"]
[Round "5"]
[White "QueensCounselor"]
[Black "Constrictor"]
[Result "1-0"]
[WhiteElo "2077"]
[BlackElo "1831"]
[Opening "QGD Slav: Dutch variation, main line"]
[ECO "D19"]
[Time "13:00:15"]
[TimeControl "2700+45"]

1. d4 c6 2. c4 d5 3. Nf3 Nf6 4. Nc3 dxc4 5. a4 Bf5 6. e3 e6 7. Bxc4 Bb4 8. O-O
O-O 9. Qe2 Nbd7 10. e4 Bg6 11. Bd3 h6 12. Bf4 Rc8 13. Rfd1 Re8 14. h3 a6 15. Na2
Bf8 16. b4 a5 17. bxa5 Qxa5 18. Rdb1 Nh5 19. Bh2 b6 20. Nc1 c5 21. Ne5 Nhf6 22.
Nxg6 fxg6 23. e5 Nd5 24. Nb3 Qa7 25. Rc1 g5 26. Qe4 Ne7 27. Qh7+ Kf7 28. Be2 Nf5
29. Bh5+ Ke7 30. Qg6 Nh4 31. Qf7+ Kd8 32. Qxe8+ Kc7 33. Qxe6 Qa8 34. d5 Rd8 35.
g3 g6 36. gxh4 gxh5 37. a5 b5 38. Nxc5 Bxc5 39. Qd6+ Kc8 40. e6 Kb7 41. Qc6+ Ka7
42. Qc7+ Ka6 43. exd7 Qxd5 44. Rxc5 {Black resigns} 1-0

[Event "Team 45 45 League T43"]
[Site "Internet Chess Club"]
[Date "2009.11.28"]
[Round "5"]
[White "viking99"]
[Black "The7thGuest"]
[Result "1-0"]
[WhiteElo "1840"]
[BlackElo "2068"]
[Opening "Sicilian: Najdorf"]
[ECO "B90"]
[Time "10:00:19"]
[TimeControl "2700+45"]

1. e4 c5 2. Nf3 d6 3. d4 cxd4 4. Nxd4 Nf6 5. Nc3 a6 6. Bd3 g6 7. O-O Bg7 8. Bg5
O-O 9. Qd2 Nc6 10. Nce2 Bd7 11. c3 Ne5 12. h3 Nxd3 13. Qxd3 Qa5 14. Be3 b5 15.
Rfd1 Rfc8 16. f4 e5 17. Nb3 Qa4 18. Ng3 Bc6 19. fxe5 Nxe4 20. Nxe4 Bxe4 21. Qxd6
Bxg2 22. Rd4 b4 23. Kxg2 Qb5 24. Rd3 Bxe5 25. Qd5 bxc3 26. bxc3 Rxc3 27. Qxa8+
{Black resigns} 1-0

[Event "Team 45 45 League T43"]
[Site "Internet Chess Club"]
[Date "2009.12.01"]
[Round "5"]
[White "sandham"]
[Black "Freitac"]
[Result "1-0"]
[WhiteElo "2042"]
[BlackElo "1988"]
[Opening "Caro-Kann: classical, 6.h4"]
[ECO "B18"]
[Time "17:35:55"]
[TimeControl "2700+45"]

1. e4 c6 2. d4 d5 3. Nc3 dxe4 4. Nxe4 Bf5 5. Ng3 Bg6 6. h4 h6 7. h5 Bh7 8. Nf3
Nd7 9. Bd3 Bxd3 10. Qxd3 e6 11. Bd2 Ngf6 12. O-O-O Be7 13. Kb1 c5 14. Rhe1 O-O
15. Qe2 cxd4 16. Nxd4 Bc5 17. Bc1 Qb6 18. c3 e5 19. Ndf5 Bxf2 20. Rd6 Qc5 21. b4
Qxc3 22. Qxf2 Qxb4+ 23. Ka1 Rac8 24. Ne7+ Kh8 25. Nxc8 Rxc8 26. Qd2 Qa4 27. Bb2
Rc2 28. Qd1 Qb4 29. Qxc2 Qxe1+ 30. Rd1 Qxg3 31. Qc8+ Kh7 32. Qxb7 Qf2 33. Qf3
Qxf3 34. gxf3 g6 35. hxg6+ Kxg6 36. Rg1+ Kf5 37. Bc1 e4 38. fxe4+ Nxe4 39. Bxh6
Ke5 40. Be3 a6 41. Rg7 Nd6 42. Bg1 Kf6 43. Rg8 Ne4 44. Ra8 Ndc5 45. Rc8 Nd3 46.
Rc6+ Ke5 47. Rxa6 f5 48. Ra8 f4 49. Rd8 Nec5 50. Re8+ Ne6 51. a4 Kd5 52. a5 Nec5
53. Rd8+ Kc6 54. a6 Kb6 55. Rxd3 {Black resigns} 1-0

[Event "Team 45 45 League T43"]
[Site "Internet Chess Club"]
[Date "2009.11.25"]
[Round "5"]
[White "Ptzz"]
[Black "lnielsen"]
[Result "1-0"]
[WhiteElo "2029"]
[BlackElo "1941"]
[Opening "QGD Slav: Dutch variation, main line"]
[ECO "D19"]
[Time "13:00:10"]
[TimeControl "2700+45"]

1. d4 d5 2. c4 c6 3. Nf3 Nf6 4. Nc3 dxc4 5. a4 Bf5 6. e3 e6 7. Bxc4 Bb4 8. O-O
O-O 9. Qe2 Bg4 10. Rd1 Qa5 11. Bd2 Nbd7 12. h3 Bh5 13. e4 e5 14. d5 cxd5 15.
Nxd5 Bxd2 16. Rxd2 Bxf3 17. gxf3 Nxd5 18. Bxd5 Qb6 19. Kh2 Nf6 20. Qb5 Nxd5 21.
exd5 Qf6 22. Qe2 Rad8 23. Qe4 Qd6 24. Re1 f6 25. Rc1 f5 26. Qc4 e4+ 27. Kg2 Qg6+
28. Kh2 Qg5 29. d6+ Kh8 30. Qc3 Qf4+ 31. Kh1 Rxd6 32. Rxd6 Qxd6 33. Qc5 Qf6 34.
f4 h6 35. Rg1 Re8 36. b4 Qh4 37. Qe3 Rd8 38. Qc3 Qe7 39. b5 Kh7 40. a5 Rd3 41.
Qc8 Qf7 42. Kh2 Rf3 43. Rg2 Qh5 44. Rg3 Rxf2+ 45. Kg1 Rxf4 46. Qd7 Rg4 47. hxg4
fxg4 48. Qxg4 Qe5 49. Qg6+ Kh8 50. Re3 Qxb5 51. Rxe4 Qb1+ 52. Kf2 Qc2+ 53. Kf3
Qd1+ 54. Kf4 Qd2+ 55. Kf5 Qf2+ 56. Ke6 b6 57. Kd7 Qd2+ 58. Kc7 Qc3+ 59. Kb7 Qf3
60. Kxa7 Qxe4 61. Qxe4 bxa5 62. Kb6 a4 63. Qxa4 h5 64. Qh4 g6 65. Qg5 Kg7 66.
Kc5 Kf7 67. Kd5 {Black resigns} 1-0

[Event "Team 45 45 League T43"]
[Site "Internet Chess Club"]
[Date "2009.12.01"]
[Round "5"]
[White "BRAINWAVE"]
[Black "pishd"]
[Result "1-0"]
[WhiteElo "1806"]
[BlackElo "1661"]
[Opening "Queen's pawn"]
[ECO "A40"]
[Time "13:10:59"]
[TimeControl "2700+45"]

1. d4 e6 2. f4 f5 3. e3 b6 4. Bd3 Nf6 5. Nf3 Bb7 6. O-O Be7 7. Nbd2 O-O 8. b3
Qe8 9. Bb2 d6 10. Ng5 Qg6 11. Qe2 Ne4 12. Bxe4 fxe4 13. h4 d5 14. h5 Qf6 15. g3
h6 16. Nh3 Bd6 17. Rf2 Nd7 18. Raf1 Qe7 19. Rh2 Rf7 20. Rff2 Nf6 21. Rfg2 a5 22.
a4 Kf8 23. g4 Ke8 24. Qd1 Kd7 25. c4 Rg8 26. g5 hxg5 27. Nxg5 Rff8 28. Rh3 Kc8
29. Nf1 Kb8 30. Rc2 Rh8 31. Ng3 Rh6 32. Bc3 Bb4 33. Bxb4 axb4 34. c5 Nh7 35.
Nxh7 Rxh7 36. Qe2 g6 37. Qb5 Ka7 38. a5 bxc5 39. Rxc5 Ba6 40. Qxb4 Rb8 41. Qc3
gxh5 42. Rxh5 Rg7 43. Rg5 Rb7 44. Rxg7 Qxg7 45. Kg2 Kb8 46. Rc6 Bb5 47. Rxe6 Qg4
48. f5 Qf3+ 49. Kh3 c5 50. Rh6 c4 51. Qb4 Qxe3 52. Qd6+ Ka7 53. Qc5+ Ka8 54.
Qc8+ Ka7 55. Qc5+ Ka8 56. Rh8+ Rb8 57. Qxd5+ Ka7 58. Qc5+ Ka8 59. Rh7 Bd7 60.
Qd5+ Rb7 61. Rh8+ Ka7 62. Qc5+ {Black resigns} 1-0

[Event "Team 45 45 League T43"]
[Site "Internet Chess Club"]
[Date "2009.11.30"]
[Round "5"]
[White "upsan"]
[Black "HumanTornado"]
[Result "1/2-1/2"]
[WhiteElo "1818"]
[BlackElo "1928"]
[Opening "Sicilian defense"]
[ECO "B40"]
[Time "21:00:09"]
[TimeControl "2700+45"]

1. e4 c5 2. Nf3 e6 3. c4 Nc6 4. Nc3 a6 5. d3 Qc7 6. Be3 b6 7. Qd2 Nf6 8. h3 Bb7
9. Be2 Be7 10. Bf4 d6 11. O-O O-O 12. g4 h6 13. Nh2 Nd4 14. Bg3 Nxe2+ 15. Nxe2
Rfd8 16. f4 d5 17. f5 Bd6 18. Bxd6 Qxd6 19. fxe6 fxe6 20. g5 hxg5 21. Qxg5 Nh7
22. Qg6 Rd7 23. Ng4 Kh8 24. Rf7 Rxf7 25. Qxf7 Bc6 26. Nf4 Nf8 27. Nf6 gxf6 28.
Qxf6+ Kh7 29. cxd5 Be8 30. Kh1 Ra7 31. dxe6 Rg7 32. Rf1 Kg8 33. e5 Qe7 34. Kh2
Bc6 35. Rg1 Qxf6 36. exf6 Rxg1 37. Kxg1 Nh7 38. f7+ Kg7 39. Kf2 Kf6 40. Kg3 Nf8
41. h4 Bb7 42. h5 Bc8 43. Ng6 Nxe6 44. f8=Q+ Nxf8 45. Nxf8 Kg5 46. Ng6 Kxh5 47.
Ne7 Be6 48. a3 b5 49. Kf4 c4 50. dxc4 Bxc4 51. Ke4 Kg4 52. Kd4 Bf1 53. Nc6 Kf3
54. b4 Ke2 55. Nb8 Kd2 56. Nxa6 Kc2 57. Kc5 Kb3 58. Nc7 Kxa3 59. Nxb5+ Ka4 60.
Nd6 Ba6 61. Ne4 Bd3 62. Nc3+ Kb3 63. Nb5 Bf1 {Game drawn by mutual agreement}
1/2-1/2

[Event "Team 45 45 League T43"]
[Site "Internet Chess Club"]
[Date "2009.11.28"]
[Round "5"]
[White "Constrictor"]
[Black "qs16"]
[Result "1/2-1/2"]
[WhiteElo "1835"]
[BlackElo "1926"]
[Opening "Réti opening"]
[ECO "A04"]
[Time "11:01:32"]
[TimeControl "2700+45"]

1. Nf3 g6 2. d4 Bg7 3. c4 d5 4. Nc3 dxc4 5. Qa4+ Nc6 6. Qxc4 Nxd4 7. Nxd4 Qxd4
8. Qxc7 Qd7 9. Qxd7+ Bxd7 10. Bd2 Nf6 11. e3 a6 12. Be2 Bc6 13. O-O O-O 14. Rac1
Rac8 15. Rfd1 Ne4 16. Nxe4 Bxe4 17. b3 e6 18. Bb4 {Game drawn by mutual
agreement} 1/2-1/2

[Event "Team 45 45 League T43"]
[Site "Internet Chess Club"]
[Date "2009.11.27"]
[Round "5"]
[White "oldsj"]
[Black "ghostfire"]
[Result "0-1"]
[WhiteElo "1587"]
[BlackElo "1811"]
[Opening "Caro-Kann: Panov-Botvinnik attack, 5...e6"]
[ECO "B14"]
[Time "19:00:28"]
[TimeControl "2700+45"]

1. e4 c6 2. d4 d5 3. exd5 cxd5 4. c4 Nf6 5. Nc3 e6 6. Nf3 Bb4 7. a3 Be7 8. Be2
dxc4 9. Bxc4 O-O 10. O-O Nc6 11. b4 a6 12. d5 exd5 13. Nxd5 Nxd5 14. Bxd5 Qc7
15. Qb3 Bf6 16. Bb2 Bxb2 17. Qxb2 Ne7 18. Rac1 Qb6 19. Bb3 Ng6 20. Rfe1 Nf4 21.
Re3 Bf5 22. Ne5 Qf6 23. g3 Nh3+ 24. Kh1 Rae8 25. f4 Bd7 26. Bd5 Bc6 27. Bxc6
bxc6 28. Qg2 Qf5 29. Rce1 f6 30. Nf3 Rxe3 31. Rxe3 g5 32. Re7 g4 33. Re1 gxf3
34. Qxf3 Ng5 35. Qxc6 Nf7 36. Qxa6 Qd5+ 37. Kg1 Kg7 38. Qe2 Ra8 39. Qb2 Qd3 40.
Ra1 Nd6 41. a4 Ne4 42. b5 Rc8 43. b6 Rc2 44. Qb4 Qe3+ {White resigns} 0-1

[Event "Team 45 45 League T43"]
[Site "Internet Chess Club"]
[Date "2009.12.01"]
[Round "5"]
[White "Monsieur"]
[Black "rom1"]
[Result "1-0"]
[WhiteElo "1624"]
[BlackElo "1561"]
[Opening "Alekhine's defense: Scandinavian variation"]
[ECO "B02"]
[Time "06:00:10"]
[TimeControl "2700+45"]

1. e4 Nf6 2. Nc3 d5 3. e5 d4 4. Nb5 Ng4 5. f4 a6 6. h3 Nh6 7. Na3 e6 8. Nf3 Nf5
9. Bd3 Ng3 10. Rg1 c5 11. b3 Bd7 12. Kf2 Nh5 13. g3 g6 14. Be2 b5 15. d3 Bc6 16.
Ng5 Ng7 17. Ne4 Be7 18. Bf3 Nf5 19. Kg2 c4 20. Nxc4 bxc4 21. bxc4 Nd7 22. Nf6+
Bxf6 23. Bxc6 Be7 24. Bxa8 Qxa8+ 25. Qf3 Qb8 26. Bd2 O-O 27. Rab1 Qd8 28. Qc6
Qc8 29. Qxc8 Rxc8 30. g4 Ng7 31. Rb7 Rd8 32. Ba5 Rb8 33. Rxd7 Bf8 34. Bc7 Rb2
35. Rd8 Rxc2+ 36. Kh1 h5 37. Bd6 Re2 38. Bxf8 Re3 39. Kh2 Rxd3 40. Bxg7+ Kxg7
41. gxh5 Rd2+ 42. Rg2 {Black resigns} 1-0

[Event "Team 45 45 League T43"]
[Site "Internet Chess Club"]
[Date "2009.11.29"]
[Round "5"]
[White "idjit"]
[Black "parrot9"]
[Result "1/2-1/2"]
[WhiteElo "1787"]
[BlackElo "1754"]
[Opening "Sicilian: Najdorf, 6...e6"]
[ECO "B95"]
[Time "09:30:17"]
[TimeControl "2700+45"]

1. e4 c5 2. Nf3 d6 3. d4 cxd4 4. Nxd4 Nf6 5. Nc3 a6 6. Bg5 e6 7. Qd2 Nbd7 8.
O-O-O Qc7 9. f4 Be7 10. Qe3 b5 11. f5 e5 12. Nb3 Bb7 13. Bd3 b4 14. Nb1 a5 15.
h3 a4 16. N3d2 O-O 17. g4 Nc5 18. Bxf6 Nxd3+ 19. Qxd3 Bxf6 20. Nc4 Ba6 21. Nbd2
Rfd8 22. Qd5 Rac8 23. b3 axb3 24. axb3 Bg5 25. Kb2 Bxd2 26. Rxd2 Bxc4 27. bxc4
Qxc4 28. Qxc4 Rxc4 29. Rhd1 Rxe4 30. Rxd6 Rxd6 31. Rxd6 Kf8 32. Kc1 Rc4 33. Kd2
Ke7 34. Rb6 h5 35. Rb7+ Kf6 36. g5+ Kxf5 37. Rxf7+ Kxg5 38. Rxg7+ Kh4 39. Re7
Rc5 40. Rb7 Rc4 41. Kd3 Rd4+ 42. Ke3 Kxh3 43. Rb5 h4 44. Rxe5 Rc4 45. Kd3 Rg4
46. c4 bxc3 47. Kxc3 Kh2 48. Kd2 Rg2+ 49. Ke1 h3 50. Kf1 Ra2 51. Rg5 Rg2 52. Rf5
Kh1 53. Rf3 Kh2 54. Re3 Rg3 55. Rxg3 Kxg3 56. Kg1 h2+ 57. Kh1 Kf2 58. Kxh2 {Game
drawn because neither player has mating material} 1/2-1/2

[Event "Team 45 45 League T43"]
[Site "Internet Chess Club"]
[Date "2009.11.27"]
[Round "5"]
[White "tenor"]
[Black "Kallistos"]
[Result "0-1"]
[WhiteElo "1767"]
[BlackElo "1728"]
[Opening "Scandinavian (center counter) defense"]
[ECO "B01"]
[Time "13:00:24"]
[TimeControl "2700+45"]

1. e4 d5 2. exd5 Qxd5 3. Nc3 Qa5 4. d4 c6 5. Nf3 Nf6 6. Bd2 Bf5 7. Be2 e6 8. O-O
Nbd7 9. Re1 Bb4 10. a3 Bxc3 11. Bxc3 Qc7 12. Bd3 Bxd3 13. Qxd3 O-O 14. Bd2 h6
15. c4 Rad8 16. Qe2 Rfe8 17. Rad1 c5 18. Bc3 Nb6 19. dxc5 Qxc5 20. Bxf6 gxf6 21.
Rc1 Qf5 22. Qe3 Kh7 23. Qe4 Qxe4 24. Rxe4 Rd3 25. Rf4 f5 26. Ne5 Rd2 27. b4 f6
28. Nf3 Rd3 29. c5 Nd5 30. Rfc4 Rxa3 31. Nd4 Kg6 32. b5 e5 33. Ne2 Rb3 34. c6
Rxb5 35. c7 Rc8 36. g3 b6 37. Nc3 Nxc3 38. R4xc3 Rd5 39. Ra1 a5 40. Rc6 Rc5 41.
Rxb6 R8xc7 42. Ra6 Rc1+ 43. Rxc1 Rxc1+ 44. Kg2 Rc5 45. h4 e4 46. Kf1 Rc1+ 47.
Ke2 Ra1 48. Ke3 a4 49. f4 exf3 50. Kxf3 a3 51. Kf4 a2 52. h5+ Kxh5 53. g4+ fxg4
54. Ra5+ Kg6 55. Kxg4 Rg1+ {White resigns} 0-1

[Event "Team 45 45 League T43"]
[Site "Internet Chess Club"]
[Date "2009.12.01"]
[Round "5"]
[White "houseofcook"]
[Black "BishopMike"]
[Result "1-0"]
[WhiteElo "1508"]
[BlackElo "1504"]
[Opening "Caro-Kann: exchange, Rubinstein variation"]
[ECO "B13"]
[Time "13:15:07"]
[TimeControl "2700+45"]

1. e4 c6 2. d4 d5 3. exd5 cxd5 4. Bd3 Nc6 5. c3 Nf6 6. Bf4 Qb6 7. Qb3 Qa5 8. Nd2
Ne4 9. Ngf3 Nxd2 10. Bxd2 Qd8 11. O-O e6 12. Bf4 Qf6 13. Bg3 a6 14. Rae1 b5 15.
Qxd5 Bb7 16. Qb3 Na5 17. Qd1 Nc4 18. Be4 Bxe4 19. Rxe4 Nxb2 20. Qc2 Nc4 21. Rf4
Qd8 22. Re4 Be7 23. Ne5 Qd5 24. Nxc4 Qxc4 25. Be5 f6 26. Bf4 Rc8 27. Rc1 f5 28.
Re3 O-O 29. Qb3 Qxb3 30. axb3 g5 31. Rxe6 gxf4 32. Rxe7 b4 33. c4 Rf6 34. d5 Rg6
35. Rd1 Rd8 36. f3 h5 37. Ra1 Rdd6 38. Ra5 Kf8 39. Ra7 h4 40. h3 Kg8 41. Rc5
Rdf6 42. Rb7 Rg7 43. Rxb4 Rfg6 44. Rb8+ Kh7 45. g4 fxg4 46. hxg4 Re7 47. Rcc8
Re3 48. Rh8+ Kg7 49. Rhg8+ Kh6 50. Rh8+ Kg5 51. Rh5+ Kf6 52. Rf5+ Ke7 53. Rxf4
h3 54. Rb7+ Ke8 55. Kh2 Rh6 56. Re4+ Rxe4 57. fxe4 Rh4 58. Rg7 Kf8 59. Rg5 Ke7
60. e5 a5 61. c5 Kd7 62. e6+ {Black resigns} 1-0

[Event "Team 45 45 League T43"]
[Site "Internet Chess Club"]
[Date "2009.11.30"]
[Round "5"]
[White "katabatico"]
[Black "slipkid"]
[Result "0-1"]
[WhiteElo "1299"]
[BlackElo "1528"]
[Opening "French: advance, Paulsen attack"]
[ECO "C02"]
[Time "14:04:57"]
[TimeControl "2700+45"]

1. e4 e6 2. d4 d5 3. e5 c5 4. c3 Nc6 5. Nf3 Qb6 6. Be2 cxd4 7. cxd4 Bb4+ 8. Kf1
Nge7 9. a3 Qa5 10. Nbd2 Bxd2 11. Bxd2 Qb6 12. Bc3 O-O 13. Qc2 Bd7 14. Ng5 Nf5
15. g4 h6 16. gxf5 hxg5 17. h4 Nxd4 18. Bxd4 Qxd4 19. hxg5 Qxe5 20. fxe6 fxe6
21. Qh7+ Kf7 22. Bh5+ Ke7 23. Re1 Bb5+ 24. Be2 Bxe2+ 25. Rxe2 Qxg5 26. Rg1 Qc1+
27. Re1 Qc4+ 28. Re2 Qc1+ 29. Re1 Qc4+ 30. Re2 Rf7 31. Rxg7 Rf8 32. Rxf7+ Rxf7
33. Qg6 d4 34. Qg4 Qd5 35. Kg1 e5 36. Qg5+ Kd6 37. Qd8+ Ke6 38. Qe8+ Kf6 39.
Qh8+ Rg7+ 40. Kf1 Qg2+ 41. Ke1 Qc6 42. Qh6+ Rg6 43. Qh8+ Kf7 44. Qh7+ Kf8 45.
Qh8+ Rg8 46. Rc2 Qe4+ 47. Re2 Qxe2+ {White resigns} 0-1

[Event "Team 45 45 League T43"]
[Site "Internet Chess Club"]
[Date "2009.11.29"]
[Round "5"]
[White "JimGaming"]
[Black "Fogbound"]
[Result "1-0"]
[WhiteElo "1276"]
[BlackElo "1300"]
[Opening "Scotch gambit"]
[ECO "C44"]
[Time "14:00:27"]
[TimeControl "2700+45"]

1. e4 e5 2. Nf3 Nc6 3. d4 exd4 4. Bc4 Bb4+ 5. c3 dxc3 6. bxc3 Be7 7. Qd5 Nh6 8.
Bxh6 Ne5 9. Nxe5 Rf8 10. Bxg7 c6 11. Qd2 Qc7 12. Qf4 d5 13. Bxf8 Bxf8 14. exd5
Qe7 15. dxc6 bxc6 16. O-O Bb7 17. Bxf7+ Kd8 18. Rd1+ Kc8 19. Qf5+ Kb8 20. Nd7+
Kc7 21. Qf4+ Kc8 22. Nxf8 Qxf8 23. Be6# {Black checkmated} 1-0

[Event "Team 45 45 League T43"]
[Site "Internet Chess Club"]
[Date "2009.11.28"]
[Round "5"]
[White "SATELLITE-DAN"]
[Black "abescac"]
[Result "1-0"]
[WhiteElo "1521"]
[BlackElo "1481"]
[Opening "Caro-Kann: classical variation"]
[ECO "B18"]
[Time "15:30:27"]
[TimeControl "2700+45"]

1. e4 c6 2. d4 d5 3. Nc3 dxe4 4. Nxe4 Bf5 5. Bd3 Qxd4 6. Nf3 Qd8 7. Qe2 Bxe4 8.
Bxe4 Nf6 9. Bd3 e6 10. O-O Be7 11. b3 O-O 12. Bb2 Nbd7 13. c4 Qc7 14. Qc2 Nc5
15. Be5 Qd8 16. Rad1 Nxd3 17. Rxd3 Qa5 18. Bc3 Qc7 19. Ng5 Ng4 20. Rh3 g6 21.
Rxh7 Nf6 22. Nxe6 Qd6 23. Rg7+ Kh8 24. Qc1 Ng4 25. Rxg6+ Kh7 26. Rg7+ Kh8 27.
Rxg4+ {Black resigns} 1-0

[Event "Team 45 45 League T43"]
[Site "Internet Chess Club"]
[Date "2009.11.27"]
[Round "5"]
[White "BarryNL"]
[Black "kingphisch"]
[Result "0-1"]
[WhiteElo "1488"]
[BlackElo "1523"]
[Opening "Réti opening"]
[ECO "A04"]
[Time "14:00:59"]
[TimeControl "2700+45"]

1. Nf3 c6 2. g3 d5 3. d4 Nf6 4. Bg2 Bf5 5. O-O e6 6. Nbd2 Nbd7 7. c4 Be7 8. c5
O-O 9. Nb3 b6 10. cxb6 axb6 11. Bg5 Re8 12. Qd2 Ne4 13. Bxe7 Qxe7 14. Qc1 Rec8
15. Nfd2 Nxd2 16. Qxd2 c5 17. e3 c4 18. Nc1 b5 19. Ne2 Nf6 20. Nc3 Qb7 21. b3 b4
22. Na4 c3 23. Qe2 Nd7 24. Rfc1 Qa7 25. Bf3 Nf6 26. g4 Be4 27. Bxe4 Nxe4 28. Qd3
Rc6 29. a3 bxa3 30. Nxc3 Nxc3 31. Rxc3 Rac8 32. Rxc6 Rxc6 33. b4 a2 34. Qb3 g6
35. Qxa2 Rc1+ {White resigns} 0-1

[Event "Team 45 45 League T43"]
[Site "Internet Chess Club"]
[Date "2009.12.01"]
[Round "5"]
[White "dpmdpm"]
[Black "Molsen"]
[Result "0-1"]
[WhiteElo "1193"]
[BlackElo "1127"]
[Opening "Giuoco Piano"]
[ECO "C50"]
[Time "10:00:57"]
[TimeControl "2700+45"]

1. e4 e5 2. Nf3 Nc6 3. Bc4 Bc5 4. Nc3 d6 5. h3 h6 6. d3 Nf6 7. O-O Qe7 8. Be3
Bxe3 9. fxe3 Be6 10. Nd5 Bxd5 11. exd5 Nb4 12. e4 c6 13. dxc6 Nxc6 14. Qd2 Nh5
15. Rfe1 Nd4 16. Nxd4 exd4 17. Bb5+ Kf8 18. Qf2 Qe5 19. Rf1 Nf6 20. Bc4 b5 21.
Bd5 Rc8 22. Bb3 a5 23. a3 a4 24. Ba2 Rc5 25. Qd2 Ke7 26. Rac1 d5 27. exd5 Nxd5
28. Rfe1 Ne3 29. Qa5 Qg3 30. Qd2 Re8 31. Rf1 Nxf1 32. Re1+ Re5 33. Qb4+ Kf6 34.
Qd6+ Kg5 35. Rxf1 f6 36. Qxd4 Re1 37. Qc5+ R8e5 38. Qf2 Qxf2+ 39. Kxf2 Rxf1+ 40.
Kxf1 f5 41. d4 Re3 42. d5 f4 43. d6 Re8 44. d7 Rd8 45. Be6 Kf6 {White resigns}
0-1

[Event "Team 45 45 League T43"]
[Site "Internet Chess Club"]
[Date "2009.11.30"]
[Round "5"]
[White "Nocturnes"]
[Black "otib2006"]
[Result "0-1"]
[WhiteElo "1205"]
[BlackElo "1374"]
[Opening "Sicilian: Sozin attack"]
[ECO "B86"]
[Time "16:00:14"]
[TimeControl "2700+45"]

1. e4 c5 2. Nf3 d6 3. d4 cxd4 4. Nxd4 Nf6 5. Nc3 e6 6. Bc4 Be7 7. O-O O-O 8. f4
Nbd7 9. Qf3 a6 10. Qg3 Qc7 11. Bxe6 Nc5 12. Nf5 g6 13. Bxc8 Raxc8 14. Nxe7+ Qxe7
15. Qg5 Rfe8 16. Bd2 Ncxe4 17. Nxe4 Nxe4 18. Qxe7 Rxe7 19. Bb4 Rxc2 20. Rfe1 Rc4
21. Bxd6 Rd7 22. Be5 f6 23. Bc3 Nxc3 24. Rac1 Ne2+ {White resigns} 0-1